 Dungeon Crawl Stone Soup version 0.28-a0-71-g84acfa7270 (webtiles) character file.

Game seed: 15104408956736379583

44 siradein the Skirmisher (level 3, 0/63 HPs)
             Began as an Ogre Berserker on Aug 2, 2021.
             Was a Follower of Trog.
             Succumbed to an adder's poison
             ... on level 2 of the Dungeon.
             The game lasted 00:01:47 (1517 turns).

siradein the Skirmisher (Ogre Berserker)            Turns: 1517, Time: 00:01:47

Health: 0/63       AC:  3    Str: 21    XL:     3   Next: 60%
Magic:  3/3        EV: 10    Int:  8    God:    Trog [*.....]
Gold:   41         SH:  0    Dex:  9    Spells: 2/2 levels left

rFire   . . .      SeeInvis .   a - +0 mace
rCold   . . .      Faith    .   (no shield)
rNeg    . . .      Spirit   .   b - +0 animal skin
rPois   .          Reflect  .   (helmet restricted)
rElec   .          Harm     .   (no cloak)
rCorr   .          Rampage  .   (gloves unavailable)
Will    ++...                   (boots unavailable)
Stlth   ..........              (no amulet)
HPRegen 1.20/turn               (no ring)
MPRegen 0.08/turn               (no ring)

@: berserking, lethally poisoned (0 -> -1), strong-willed (expiring),
regenerating (expiring), very quick
A: large, unfitting armour, tough skin 1
a: Renounce Religion, Berserk


You were on level 2 of the Dungeon.
You worshipped Trog.
Trog was aware of your devotion.
You visited 1 branch of the dungeon, and saw 2 of its levels.

You collected 41 gold pieces.

Inventory:

Hand Weapons
 a - a +0 mace (weapon)
Armour
 b - a +0 animal skin (worn)
Scrolls
 c - a scroll of holy word {unknown}
 d - 2 scrolls of teleportation {unknown}
 e - a scroll of identify {unknown}
 h - a scroll of acquirement {unknown}
Potions
 f - a potion of invisibility {unknown}
 g - a potion of resistance {unknown}


   Skills:
 + Level 5.1 Fighting
 + Level 3.4 Maces & Flails
 - Level 2.6 Dodging


You had 2 spell levels left.
You didn't know any spells.
Your spell library was empty.

Dungeon Overview and Level Annotations

Branches:
Dungeon (2/15)

Altars:


Innate Abilities, Weirdness & Mutations

You are too large for most types of armour.
You have tough skin. (AC +1)


Message History

You are too injured to fight recklessly!
You feel sick. The adder bites you.
* * * LOW HITPOINT WARNING * * *
You feel sick.
You feel sick.
You feel sick.
You feel sick. The adder bites you.
* * * LOW HITPOINT WARNING * * *
You are more poisoned.
The adder poisons you!
You feel sick.
You hit the adder but do no damage.
The adder is heavily wounded.
You feel the effects of Trog's Hand fading.
You feel sick. The adder bites you.
* * * LOW HITPOINT WARNING * * *
You are more poisoned.
The adder poisons you!
A red film seems to cover your vision as you go berserk!
You feel yourself moving faster!
You feel mighty!
You feel sick. The adder barely misses you.
The adder bites you but does no damage.
You miss the adder.
The adder is heavily wounded.
You feel sick. The adder bites you.
* * * LOW HITPOINT WARNING * * *
You hit the adder.
The adder is severely wounded.
You feel sick. The adder bites you.
* * * LOW HITPOINT WARNING * * *
You are lethally poisoned!
The adder poisons you!
You barely miss the adder.
The adder is severely wounded.
* * * LOW HITPOINT WARNING * * *
You feel sick. The adder bites you but does no damage.
You sock the adder!
You feel the power of Trog in you as your rage grows.
You kill the adder!
Trog accepts your kill.
You die...

####
.....###################
...........†@..........#
######.#############..#
#.# #..# #.# #..# #.#
#..# #.# #.####..# ...
#.#.......#
########.######..###
........ ..........#


There were no monsters in sight!

Vanquished Creatures
  3 adders (D:2)
  3 endoplasms
  2 giant cockroaches (D:1)
  3 goblins
  3 quokkas
  3 ball pythons
  4 bats
  2 frilled lizards
  A kobold (D:1)
  A rat (D:1)
25 creatures vanquished.

Notes
Turn   | Place    | Note
-------+----------+-------------------------------------------
     0 | D:1      | siradein the Ogre Berserker began the quest for the Orb.
     0 | D:1      | Reached XP level 1. HP: 24/24 MP: 1/1
   268 | D:1      | Reached XP level 2. HP: 33/33 MP: 2/2
   963 | D:2      | Reached XP level 3. HP: 34/41 MP: 3/3
  1243 | D:2      | Reached ** piety under Trog
  1276 | D:2      | Reached skill level 5 in Fighting
  1515 | D:2      | HP: 2/63 [adder (2)]
  1517 | D:2      | Succumbed to an adder's poison

Illustrated notes

Levels and vault maps discovered:
D:1:      dpeg_arrival_boxes_within_box, layout_loops_ring
D:2:      layout_basic, hellmonk_ecumenical_altar_crossroads, roderic_lattice_a,
          minmay_tetromino_i4

Skill      XL: |  1  2  3 |
---------------+----------+-----
Maces & Flails | 3 |  3.4
Fighting       | 5 |  5.1
Dodging        | |  2.6

Action                   || total
-------------------------++-------
Melee: Mace              ||    82
Invok: Berserk           ||     1
       Trog's Hand       ||     1
Armor: Animal skin       ||    43
Dodge: Dodged            ||    54

Table legend: (Time is in decaauts)
 A = Elapsed time spent in this place.
 B = Non-inter-level travel time spent in this place.
 C = Inter-level travel time spent in this place.
 D = Time resting spent in this place.
 E = Time spent auto-exploring this place.
 F = Levels seen in this place.
 G = Mean time per level.
                   A        B        C        D        E       F      G
               +--------+--------+--------+--------+--------+-----+--------+
         Total |   1535 |   1429 |    106 |      0 |   1246 |   2 |  767.5 |
       Dungeon |   1535 |   1429 |    106 |      0 |   1246 |   2 |  767.5 |
               +--------+--------+--------+--------+--------+-----+--------+

Top non-repeatable levels by time:
     D:1: 909 daAuts
     D:2: 625 daAuts
